 Dungeon Crawl Stone Soup version 0.18-a0-1026-ge317a7f (webtiles) character file.

5 Jmtri7 the Charlatan (level 1, -1/15 HPs)
             Began as a Formicid Artificer on Jan 8, 2016.
             Shot with an arrow by a centaur (10 damage)
             ... led by a centaur warrior
             ... on level 13 of the Dungeon.
             The game lasted 00:01:10 (98 turns).

Jmtri7 the Charlatan (Formicid Artificer)             Turns: 98, Time: 00:01:10

Health: -1/15      AC:  3    Str: 15    XL:     1   Next: 88%
Magic:  3/3        EV: 11    Int: 11    God:
Gold:   38         SH:  0    Dex: 11    Spells: 0 memorised, 0 levels left

rFire  . . .     SeeInvis +     a - +0 short sword
rCold  . . .     Gourm    .     b - +0 leather armour
rNeg   . . .     Faith    .     (no shield)
rPois  .         Spirit   .     (helmet unavailable)
rElec  .         Dismiss  .     (no cloak)
rCorr  .         Reflect  .     (no gloves)
SustAt .         Harm     .     (no boots)
MR     .....                    h - amulet of rage
Stlth  +.........               (no ring)
                                i - ring of see invisible

@: not resistant to hostile enchantments, very unstealthy
A: permanent stasis, dig shafts and tunnels, four strong arms, antennae 3
a: Dig, Shaft Self


You were on level 13 of the Dungeon.
You were not hungry.

You visited 1 branch of the dungeon, and saw 8 of its levels.

You collected 38 gold pieces.

Inventory:

Hand Weapons
 a - a +0 short sword (weapon)
Armour
 b - a +0 leather armour (worn)
Jewellery
 h - an amulet of rage (around neck)
 i - a ring of see invisible (left hand)
Wands
 c - a wand of flame (9/48)
 d - a wand of enslavement (15/24)
 e - a wand of random effects (15/48)
 j - a wand of enslavement (5/24)
Comestibles
 f - 2 bread rations
 g - a chunk of flesh


   Skills:
 - Level 1.1 Fighting
 - Level 1.0 Short Blades
 - Level 1.7 Dodging
 - Level 1.2 Stealth
 + Level 3.7 Evocations


You couldn't memorise any spells.
You didn't know any spells.

Dungeon Overview and Level Annotations

Branches:
Dungeon (9/15)
 Temple: D:4-7         Lair: D:8-11         Orc: D:9-12

Altars:


Innate Abilities, Weirdness & Mutations

You are under a permanent stasis effect.
You can dig through walls and to a lower floor.
Your four strong arms can wield two-handed weapons with a shield.
You have a pair of large antennae on your head (SInv).


Message History

Are you sure you want to shaft yourself?
You feel quite a bit more hungry.
You begin to dig a shaft.
You continue digging a shaft.
A shaft appears beneath you!
You fall through a shaft for 3 floors!
The shaft crumbles and collapses.
Found 20 gold pieces.
Unknown command.
You now have 38 gold pieces (gained 20).
You fall through a shaft!
The shaft crumbles and collapses. 3 centaurs and a centaur warrior come into view.
The centaur warrior shouts!
The centaur shouts! x3
Found a whip.
Are you sure you want to shaft yourself?
You feel quite a bit more hungry.
The centaur wields a shortbow.
The centaur shoots an arrow.
The arrow hits you.
The centaur wields a shortbow.
The centaur shoots an arrow.
The arrow hits you!
Ouch! That really hurt!
You die...

...c...........
..c............
.c.c...........
...............
...............
...............
...............
.......@...)...
###############


You could see a centaur warrior and 3 centaurs.

Vanquished Creatures
  2 orcs (D:3)
  A hobgoblin (D:3)
3 creatures vanquished.

Notes
Turn   | Place    | Note
--------------------------------------------------------------
     0 | D:1      | Jmtri7 the Formicid Artificer began the quest for the Orb.
     0 | D:1      | Reached XP level 1. HP: 15/15 MP: 3/3
     8 | D:1      | You fall through a shaft!
    11 | D:2      | You fall through a shaft!
    46 | D:3      | You fall through a shaft for 3 floors!
    49 | D:6      | You fall through a shaft for 2 floors!
    49 | D:8      | Noticed a jelly
    64 | D:8      | Noticed a scorpion
    67 | D:8      | You fall through a shaft!
    90 | D:9      | You fall through a shaft for 3 floors!
    97 | D:12     | You fall through a shaft!
    97 | D:13     | Noticed a centaur warrior
    97 | D:13     | Noticed a centaur
    97 | D:13     | Noticed a centaur
    97 | D:13     | Noticed a centaur
    98 | D:13     | Shot with an arrow by a centaur

Vault maps used:
D:1:      onia_arrival_pyramid
D:3:      first_bread, st_stairs_4, uniq_grinder, uniq_sigmund,
          uniq_crazy_yiuf_cottage
D:6:      nicolae_overflow_hidden_temple, temple_doors_c,
          minmay_misc_feat_pillars, kennysheep_generic_room_13, uniq_pikel
D:8:      lair_0_dummy, serial_shops, shop, shop
D:9:      hangedman_little_slice_of_home, grunt_ministairs_10, nrook_uturn
D:12:     orc_0_dummy, johnstein_pakellas_shop, uniq_maud
D:13:     amalloy_card_club

Action                   || total
-------------------------++-------
 Abil: Shaft Self        ||     7
Evoke: Wand              ||     6
